AoeStats
← 只会打步弓

Arena

509351666Analyzed
4v4 RM · 7d ago on Sep 26, 2026· 42m 29s· 8 players
Game mode
Random Map
Map size
Large (8 player)
Population
200
Speed
Normal
Resources
Standard
Victory
Conquest
Starting age
Dark Age
Ending age
Imperial Age
RankedLock teamsTeams togetherTeam positionsShared explorationLock speedFull tech treeHidden civsTurbo modeCheats
Victory
Defeat
🇭🇰 Teutons · Hong Kong SAR China
1594
+16
🇨🇳 Cumans · China
1558
+18
🇨🇳 Spanish · China
1550
+18
🇭🇰 Danes · Hong Kong SAR China
1501
+20
🇨🇳 Huns · China
1618
-19
🇳🇴 Khmer · Norway
1599
-18
🇨🇳 Celts · China
1585
-18
🇨🇳 Mongols · China
1570
-17
投掷哥布林
8:11 Feudal Age
9:05 Double-Bit Axe
10:23 Horse Collar
17:21 Loom
19:38 Castle Age
19:49 Castle Age
18:26 Wheelbarrow
18:33 Scale Barding Armor
19:22 Forging
19:59 Bloodlines
21:15 Chain Barding Armor
21:30 Bow Saw
23:45 Heavy Plow
24:23 Iron Casting
25:49 Hand Cart
27:48 Town Watch
31:06 Imperial Age
29:02 Gold Mining
29:02 Stone Mining
31:12 Elite Steppe Lancer
32:57 Blast Furnace
32:32 Plate Barding Armor
32:11 Steppe Husbandry
32:52 Conscription
33:32 Gold Shaft Mining
33:51 Light Cavalry
36:38 Two-Man Saw
36:12 Crop Rotation
35:40 Hussar
phlui1122
10:39 Feudal Age
14:49 Castle Age
12:52 Double-Bit Axe
12:53 Horse Collar
15:53 Bow Saw
17:19 Heavy Plow
24:14 Wheelbarrow
24:43 Town Watch
27:22 Loom
30:52 Imperial Age
28:38 Hand Cart
28:21 Gold Mining
28:21 Stone Mining
28:33 Scale Mail Armor
28:43 Forging
29:54 Chain Mail Armor
29:00 Pikeman
29:42 Squires
29:49 Gambesons
30:53 Iron Casting
30:30 Arson
30:59 Halberdier
31:06 Onager
31:54 Capped Ram
33:21 Gold Shaft Mining
33:22 Stone Shaft Mining
34:17 Plate Mail Armor
35:01 Blast Furnace
33:30 Hamask
36:28 Siege Engineers
37:25 Chemistry
37:36 Siege Ram
39:01 Masonry
38:17 Northmen's Fury
39:18 Conscription
40:00 Murder Holes
40:41 Siege Onager
YMK414
8:49 Feudal Age
9:23 Loom
9:25 Double-Bit Axe
10:53 Fletching
22:02 Castle Age
20:27 Gold Mining
28:16 Imperial Age
26:51 Horse Collar
27:27 Bow Saw
28:17 Wheelbarrow
34:08 Bodkin Arrow
36:40 Chemistry
37:10 Hand Cart
37:58 Hand Cart
39:28 Padded Archer Armor
41:36 Two-Man Saw
41:36 Siege Engineers
42:15 Conscription
41:51 Guard Tower
41:46 Arrowslits
tim.13
11:06 Feudal Age
14:44 Castle Age
12:37 Double-Bit Axe
13:13 Horse Collar
13:27 Stone Mining
15:28 Wheelbarrow
15:36 Bow Saw
15:48 Loom
17:43 Gold Mining
22:29 Fervor
22:43 Sanctity
22:37 Padded Archer Armor
24:33 Bloodlines
24:23 Husbandry
25:37 Leather Archer Armor
33:21 Imperial Age
33:12 Stone Shaft Mining
35:25 Conscription
36:09 Hand Cart
35:39 Town Watch
36:51 Ring Archer Armor
37:12 Elite Conquistador
39:39 Ballistics
40:20 Chemistry
40:13 Caravan
41:50 Two-Man Saw
daMastah2
9:26 Feudal Age
12:26 Castle Age
11:53 Double-Bit Axe
11:57 Horse Collar
13:21 Bow Saw
16:05 Horse Collar
18:52 Heavy Plow
21:29 Gold Mining
22:20 Stone Mining
24:35 Coinage
26:01 Fortified Wall
27:13 Gold Shaft Mining
27:13 Stone Shaft Mining
27:32 Wheelbarrow
26:43 Loom
26:44 Town Watch
29:05 Hand Cart
32:02 Ballistics
31:53 Masonry
34:31 Murder Holes
37:04 Scale Barding Armor
37:10 Forging
36:52 Fletching
只会打步弓
8:48 Feudal Age
9:38 Loom
10:21 Double-Bit Axe
11:13 Fletching
11:14 Horse Collar
25:51 Castle Age
31:29 Imperial Age
30:55 Masonry
32:01 Bodkin Arrow
32:59 Ballistics
33:40 Chemistry
33:09 Bracer
33:53 Padded Archer Armor
35:18 Leather Archer Armor
35:25 Conscription
35:14 Siege Engineers
37:37 Bloodlines
37:27 Husbandry
37:55 Parthian Tactics
37:35 Thumb Ring
LUCKY
11:57 Feudal Age
12:56 Double-Bit Axe
12:59 Horse Collar
15:26 Castle Age
16:25 Bow Saw
17:10 Heavy Plow
22:40 Wheelbarrow
23:10 Stone Mining
23:25 Gold Mining
24:48 Hand Cart
26:25 Loom
28:02 Gold Shaft Mining
31:06 Imperial Age
29:03 Marauders
29:35 Town Watch
30:01 Scale Barding Armor
30:07 Forging
30:17 Bloodlines
30:08 Husbandry
29:28 Light Cavalry
31:36 Chain Barding Armor
31:49 Coinage
31:20 Elite Tarkan
32:21 Conscription
33:17 Plate Barding Armor
33:24 Banking
35:19 Iron Casting
34:55 Fletching
37:27 Two-Man Saw
37:02 Bodkin Arrow
37:49 Bracer
40:02 Hussar
小胖子
10:01 Feudal Age
13:49 Castle Age
12:15 Horse Collar
12:38 Double-Bit Axe
15:29 Bow Saw
22:52 Wheelbarrow
23:50 Loom
28:54 Imperial Age
28:46 Fletching
35:19 Heavy Scorpion
38:39 Chemistry
37:51 Furor Celtica
38:02 Onager
38:09 Pikeman
39:38 Conscription
39:47 Heavy Plow
39:32 Siege Onager
39:45 Halberdier
40:34 Siege Engineers
40:50 Ballistics
41:28 Scale Mail Armor
41:38 Forging
Connection lost

Rejoining the realm…

Still unreachable

The connection could not be restored.

Session expired

The server has moved on; the page needs a fresh start.